Map: Orbital Shipyard

Players

Grumm

  • Race: Protoss Protoss
  • League: Gold

Loser - Winner!

  • Race: Protoss Protoss
  • League: Gold

VOD

Have the link to the VOD?

Description

Time

  • Played on: Jan. 22, 2016, 6:46 p.m.
  • Length: 15:05
Show
View Real Time Build Order
Export as new Build Order

Grumm Protoss 

Build Orders:  

Get SALT Encoding   

  12  0:01  Probe (Chrono Boost)  
  13  0:14  Pylon  
  13  0:19  Probe (Chrono Boost)  
  14  0:29  Probe (Chrono Boost)  
  15  0:41  Gateway  
  15  0:46  Assimilator, Probe (Chrono Boost)  
  17  0:57  Probe (Chrono Boost)  
  17  1:07  Probe (Chrono Boost)  
  18  1:28  Probe (Chrono Boost)  
  18  1:29  Zealot  
  21  1:37  Cybernetics Core  
  21  1:41  Probe (Chrono Boost)  
  22  1:50  Forge  
  22  1:52  Pylon  
  22  2:10  Probe (Chrono Boost)  
  23  2:21  Probe (Chrono Boost)  
  24  2:29  Assimilator  
  24  2:31  Probe (Chrono Boost)  
  24  2:33  Zealot  
  24  2:34  Warp Gate (Chrono Boost)  
  27  2:40  Robotics Facility  
  27  2:45  Probe  
  28  2:57  Probe  
  28  2:58  Protoss Ground Weapons Level 1 (Chrono Boost)  
  29  3:06  Stalker  
  30  3:38  Nexus  
  30  3:54  Probe  
  31  4:07  Pylon  
  31  4:15  Pylon  
  31  4:24  Gateway  
  31  4:25  Probe, Immortal (Chrono Boost)  
  36  4:38  Protoss Ground Armor Level 1 (Chrono Boost)  
  36  4:43  Stalker  
  38  4:48  Assimilator  
  38  4:49  Probe  
  38  4:51  Probe  
  40  4:53  Photon Cannon  
  40  5:03  Mothership Core  
  42  5:10  Stalker  
  44  5:21  Probe  
  44  5:24  Probe  
  46  5:32  Photon Cannon  
  46  5:34  Pylon  
  46  5:41  Immortal (Chrono Boost)  
  50  5:55  Probe  
  51  6:05  Stalker  
  53  6:13  Probe  
  53  6:17  Stalker  
  56  6:19  Probe  
  56  6:25  Probe  
  58  6:26  Gateway  
  58  6:27  Gateway  
  58  6:29  Probe  
  59  6:33  Immortal (Chrono Boost)  
  59  6:37  Probe  
  64  6:43  Nexus  
  64  6:50  Probe  
  64  6:51  Probe  
  64  6:52  Assimilator  
  66  7:06  Probe  
  66  7:07  Observer (Chrono Boost)  
  66  7:08  Probe  
  69  7:17  Probe  
  69  7:19  Twilight Council  
  69  7:21  Robotics Bay  
  70  7:24  Pylon  
  70  7:29  Pylon  
  70  7:40  Probe, Photon Cannon  
  70  7:42  Observer (Chrono Boost), Probe  
  70  7:43  Adept  
  75  7:44  Sentry  
  75  7:46  Pylon  
  75  7:51  Probe  
  77  7:54  Probe  
  77  7:55  Pylon  
  77  7:56  Probe  
  80  8:01  Blink, Probe  
  81  8:06  Probe x2  
  81  8:12  Probe  
  82  8:17  Probe  
  82  8:18  Probe  
  85  8:20  Robotics Facility  
  85  8:21  Stargate  
  85  8:22  Probe  
  85  8:25  Pylon  
  86  8:27  Probe  
  86  8:30  Probe  
  88  8:37  Pylon  
  88  8:43  Probe x2  
  88  8:44  Probe  
  88  8:47  Assimilator, Pylon, Stalker x2  
  95  8:49  Sentry x2  
  99  8:58  Probe  
  100  9:06  Photon Cannon  
  100  9:11  Photon Cannon  
  100  9:12  Stalker  
  100  9:13  Stalker x3  
  108  9:31  Colossus (Chrono Boost)  
  108  9:32  Colossus (Chrono Boost)  
  108  9:36  Void Ray  
  124  9:43  Protoss Ground Weapons Level 2 (Chrono Boost)  
  124  9:57  Probe x2  
  124  9:59  Assimilator  
  126  10:02  Probe  
  127  10:07  Pylon  
  127  10:09  Probe x2  
  129  10:16  Pylon  
  129  10:18  Gateway, Stalker x3  
  129  10:19  Zealot  
  140  10:22  Void Ray  
  140  10:28  Extended Thermal Lance (Chrono Boost)  
  141  10:39  Warp Prism, Photon Cannon  
  141  10:40  Colossus  
  141  10:42  Gateway  
  141  10:46  Pylon  
  149  11:00  Pylon  
  149  11:09  Probe x2  
  151  11:12  Zealot x2  
  151  11:13  Pylon, Zealot x2  
  151  11:14  Void Ray  
  163  11:21  Forge  
  163  11:25  Cybernetics Core, Photon Cannon, Disruptor  
  162  11:26  Protoss Air Weapons Level 1  
  162  11:27  Pylon  
  162  11:29  Disruptor  
  168  11:57  Void Ray  
  168  12:00  Photon Cannon  
  172  12:17  Stalker x2, Photon Cannon  
  176  12:26  Gravitic Drive (Chrono Boost)  
  176  12:58  Protoss Shields Level 1  
  172  13:03  Protoss Air Armor Level 1  
  172  13:07  Fleet Beacon  
  172  13:09  Pylon  
  172  13:13  Adept  
  174  13:23  Void Ray  
  176  13:30  Archon  
  176  13:33  Archon x3  
  176  13:34  Archon x2  
  176  14:00  Zealot x2  
  109  14:36  Stalker x2  
  109  14:37  Stalker x3  
  105  14:45  Stalker  
Show
View Real Time Build Order
Export as new Build Order

Loser Protoss - Winner!

Build Orders:  

Get SALT Encoding   

  12  0:01  Probe (Chrono Boost)  
  13  0:12  Probe (Chrono Boost)  
  14  0:19  Pylon  
  14  0:22  Probe (Chrono Boost)  
  15  0:37  Gateway  
  15  0:38  Probe (Chrono Boost)  
  16  0:48  Probe (Chrono Boost)  
  17  0:52  Assimilator  
  17  0:59  Probe (Chrono Boost)  
  18  1:09  Probe (Chrono Boost)  
  19  1:11  Forge  
  19  1:20  Probe (Chrono Boost)  
  20  1:30  Probe (Chrono Boost)  
  21  1:40  Pylon  
  21  1:41  Probe (Chrono Boost)  
  22  1:48  Cybernetics Core  
  22  1:51  Probe (Chrono Boost)  
  22  1:53  Pylon  
  23  2:07  Probe (Chrono Boost)  
  24  2:15  Protoss Ground Weapons Level 1 (Chrono Boost)  
  24  2:26  Warp Gate (Chrono Boost)  
  24  2:27  Probe  
  24  2:28  Nexus  
  25  2:33  Assimilator  
  24  2:44  Probe  
  24  2:46  Pylon  
  25  2:58  Pylon  
  25  2:59  Mothership Core (Chrono Boost)  
  27  3:11  Gateway  
  27  3:18  Probe  
  27  3:19  Photon Cannon  
  28  3:32  Probe  
  29  3:37  Adept  
  29  3:40  Probe  
  31  3:44  Probe  
  33  3:51  Probe  
  34  3:56  Probe  
  34  4:01  Probe, Photon Cannon  
  35  4:06  Protoss Ground Armor Level 1 (Chrono Boost)  
  35  4:08  Probe  
  37  4:12  Probe (Chrono Boost)  
  37  4:13  Pylon  
  38  4:20  Probe (Chrono Boost)  
  39  4:24  Probe (Chrono Boost)  
  39  4:30  Robotics Facility  
  41  4:31  Probe (Chrono Boost)  
  41  4:35  Probe (Chrono Boost)  
  42  4:42  Probe (Chrono Boost)  
  44  4:45  Probe (Chrono Boost)  
  44  4:50  Sentry x2  
  44  4:52  Probe (Chrono Boost)  
  49  4:56  Probe (Chrono Boost)  
  50  5:03  Probe (Chrono Boost)  
  50  5:05  Probe (Chrono Boost)  
  52  5:12  Gateway  
  53  5:14  Probe  
  53  5:18  Gateway  
  53  5:19  Immortal (Chrono Boost)  
  57  5:23  Gateway  
  57  5:30  Probe  
  57  5:31  Probe  
  57  5:34  Pylon, Zealot x2  
  63  5:40  Assimilator  
  63  5:41  Probe  
  63  5:42  Assimilator  
  64  5:43  Probe, Photon Cannon  
  69  5:57  Robotics Bay, Immortal (Chrono Boost)  
  69  6:03  Pylon  
  69  6:05  Pylon  
  69  6:07  Probe  
  69  6:08  Probe  
  69  6:17  Probe  
  70  6:31  Immortal (Chrono Boost)  
  74  6:34  Pylon  
  74  6:37  Pylon  
  74  6:39  Twilight Council  
  74  6:42  Pylon  
  74  6:49  Nexus  
  74  6:54  Nexus  
  74  6:56  Pylon  
  74  7:00  Stalker x5  
  84  7:01  Probe  
  84  7:02  Probe  
  86  7:19  Pylon  
  86  7:28  Photon Cannon  
  86  7:31  Photon Cannon  
  86  7:39  Probe  
  86  7:40  Zealot x2  
  86  7:41  Zealot x2  
  86  7:42  Probe  
  96  7:45  Colossus (Chrono Boost)  
  96  7:49  Extended Thermal Lance (Chrono Boost)  
  103  7:51  Probe  
  103  7:52  Probe  
  104  8:01  Photon Cannon  
  104  8:02  Photon Cannon  
  104  8:03  Probe x2  
  106  8:07  Charge  
  106  8:14  Assimilator  
  106  8:17  Assimilator  
  106  8:21  Protoss Ground Weapons Level 2 (Chrono Boost)  
  106  8:30  Colossus  
  106  8:33  Zealot x3  
  106  8:34  Zealot  
  114  8:38  Probe  
  114  8:39  Probe  
  114  8:40  Probe  
  123  8:48  Pylon  
  123  8:49  Probe  
  123  8:50  Probe  
  125  8:58  Robotics Facility  
  125  9:05  Probe  
  125  9:06  Probe x2  
  128  9:15  Probe  
  129  9:18  Probe x2  
  129  9:21  Observer  
  132  9:26  Probe  
  133  9:32  Forge  
  133  9:40  Colossus (Chrono Boost), Stalker x3  
  145  9:50  Colossus (Chrono Boost)  
  143  9:56  Blink (Chrono Boost)  
  149  10:10  Zealot x4  
  149  10:12  Pylon  
  157  10:15  Pylon  
  157  10:16  Protoss Ground Armor Level 2 (Chrono Boost)  
  157  10:27  Stargate  
  157  10:31  Stargate  
  157  10:37  Stalker x5  
  157  10:40  Probe  
  168  10:48  Pylon x2  
  168  11:00  Gateway x2  
  168  11:02  Gateway  
  168  11:05  Colossus  
  174  11:29  Nexus  
  174  11:32  Zealot x3  
  178  11:33  Zealot x2  
  178  11:39  Photon Cannon  
  184  11:41  Photon Cannon  
  184  11:48  Protoss Ground Weapons Level 3 (Chrono Boost)  
  184  11:59  Pylon  
  184  12:02  Pylon  
  184  12:05  Pylon  
  184  12:08  Assimilator  
  184  12:14  Assimilator  
  184  12:17  Protoss Shields Level 1 (Chrono Boost)  
  190  12:24  Oracle  
  190  12:25  Void Ray  
  191  12:38  Probe  
  191  12:39  Probe x2  
  191  12:40  Stalker  
  191  12:41  Stalker x2  
  200  13:00  Gateway  
  200  13:04  Gateway  
  200  14:11  Stalker  
  200  14:12  Stalker  
  182  14:21  Zealot x4  
  182  14:23  Zealot  
  182  14:24  Zealot  
  186  14:49  Stalker x3  
  186  14:50  Stalker x5  
  194  14:56  Gateway  
  194  14:59  Gateway  
  186  15:00  Gateway x2  
Tags
 
Add a new tag
Caveats
  • Supply blocks, unpowered buildings, or Contaminate may cause inaccurate times.
  • Supply counts are checked every 10 seconds.